 Dungeon Crawl Stone Soup version 0.22.1-2-g9c5b331383 (webtiles) character file.

150246 Gunterle the Thaumaturge (level 17, -6/178 HPs)
             Began as an Octopode Earth Elementalist on Nov 11, 2018.
             Was the Champion of Kikubaaqudgha.
             Mangled by a vampiric trident (15 damage)
             ... on level 1 of the Elven Halls on Nov 14, 2018.
             The game lasted 05:00:28 (42813 turns).

Gunterle the Thaumaturge (OpEE)                    Turns: 42813, Time: 05:00:28

Health: -6/178     AC:  4    Str: 16    XL:     17   Next: 53%
Magic:  23/34      EV: 19    Int: 30    God:    Kikubaaqudgha [******]
Gold:   127        SH:  0    Dex: 13    Spells: 2/43 levels left

rFire    + . .     SeeInvis +   p - staff of wizardry
rCold    + . .     Gourm    .   (no shield)
rNeg     + + .     Faith    .   e - +2 hat {SInv}
rPois    .         Spirit   .   (no amulet)
rElec    .         Reflect  .   Y - ring of protection from magic
rCorr    .         Harm     .   r - ring of Yrchov {rN+ Str+3}
MR       +++..                  D - ring "Viof" {+Inv +Fly MR+ Int+2 Dex-2}
Stlth    ..........             h - ring "Acuowanu" {rN+ Int+4}
HPRegen  0.39/turn              X - +1 ring of protection
MPRegen  0.24/turn              G - +1 ring of evasion
                                S - ring "Paczo Aqav" {rF+ rC+ Stlth+}
                                M - +3 ring of dexterity

@: berserking, very quick
A: almost no armour, stealthy swim, amphibious, 8 rings, constrict 8, camouflage
1, gelatinous body 1
a: Receive Corpses, Torment, Renounce Religion, Evoke Invisibility, Evoke Flight


You were on level 1 of the Elven Halls.
You worshipped Kikubaaqudgha.
Kikubaaqudgha was exalted by your worship.
You were near starving.

You visited 6 branches of the dungeon, and saw 29 of its levels.

You collected 2625 gold pieces.
You spent 2498 gold pieces at shops.

Inventory:

Hand Weapons
 y - a +0 antimagic lajatang
 K - the +12 glaive of Prune {chop}
   (You took it off a centaur warrior on level 15 of the Dungeon)

   It inflicts extra damage upon your enemies.
 P - a +2 dire flail of holy wrath
 R - a +2 flail of protection
 W - a +5 flail of freezing
Missiles
 b - 240 stones (quivered)
Armour
 e - a +2 hat of see invisible (worn)
 L - a +2 buckler
Magical Staves
 p - an uncursed staff of wizardry (weapon)
 z - an uncursed staff of wizardry
Jewellery
 h - the ring "Acuowanu" (on tentacle) {rN+ Int+4}
   (You found it on level 13 of the Dungeon)

   [ring of intelligence]

   It affects your intelligence (+4).
   It protects you from negative energy.
 m - an uncursed ring of positive energy
 r - the ring of Yrchov (right tentacle) {rN+ Str+3}
   (You found it on level 4 of the Lair of Beasts)

   [ring of positive energy]

   It affects your strength (+3).
   It protects you from negative energy.
 D - the ring "Viof" (on tentacle) {+Inv +Fly MR+ Int+2 Dex-2}
   (You found it on level 13 of the Dungeon)

   [ring of protection from magic]

   It affects your intelligence (+2).
   It affects your dexterity (-2).
   It affects your resistance to hostile enchantments.
   It lets you turn invisible.
   It lets you fly.
 G - a +1 ring of evasion (on tentacle)
 I - an uncursed ring of ice
 M - a +3 ring of dexterity (on tentacle)
 S - the ring "Paczo Aqav" (on tentacle) {rF+ rC+ Stlth+}
   (You found it on level 10 of the Dungeon)

   [ring of stealth]

   It protects you from fire.
   It protects you from cold.
   It makes you more stealthy.
 X - a +1 ring of protection (on tentacle)
 Y - a ring of protection from magic (left tentacle)
Wands
 f - a wand of clouds (3)
 j - a wand of flame (2)
 Z - a wand of paralysis (8)
Scrolls
 a - a scroll of identify
 g - 3 scrolls of amnesia
 i - 11 scrolls of teleportation
 l - a scroll of silence
 n - 6 scrolls of remove curse
 s - 6 scrolls of immolation
 C - a scroll of fear
 H - 3 scrolls of fog
 N - a scroll of enchant armour
 O - a scroll of blinking
 U - a scroll of magic mapping
Potions
 d - 2 potions of brilliance
 k - 2 potions of cancellation
 o - a potion of ambrosia
 q - 2 potions of agility
 u - 3 potions of flight
 w - a potion of resistance
 x - 7 potions of lignification
 B - 3 potions of curing
 J - 4 potions of haste
 Q - 3 potions of might
 V - a potion of magic
Miscellaneous
 v - a crystal ball of energy
 E - a sack of spiders
Comestibles
 c - 38 rations


   Skills:
 + Level 12.0 Fighting
 + Level 2.3(5.0) Maces & Flails
 - Level 7.0(7.2) Staves
 - Level 8.6 Dodging
 - Level 2.6 Stealth
 - Level 4.0 Shields
 * Level 13.8 Spellcasting
 + Level 10.3 Conjurations
 + Level 9.1 Necromancy
 - Level 1.0 Transmutations
 * Level 4.6 Fire Magic
 + Level 13.1 Earth Magic
 - Level 7.5 Evocations


You had 2 spell levels left.
You knew the following spells:

 Your Spells              Type           Power        Failure   Level  Hunger
a - Sandblast             Erth           ######       0%          1    None
b - Stone Arrow           Conj/Erth      ######       1%          3    None
c - Lee's Rapid Deconstr  Erth           #######...   1%          5    None
d - Passwall              Tmut/Erth      ######..     1%          2    None
e - Regeneration          Chrm/Necr      #####.....   1%          3    None
f - Animate Dead          Necr           N/A          1%          4    None
g - Borgnjor's Vile Clut  Necr/Erth      ######....   1%          5    None
h - Dispel Undead         Necr           ######..     1%          5    None
i - Iron Shot             Conj/Erth      ######....   1%          6    ####...
j - Apportation           Tloc           ###...       1%          1    None
k - Bolt of Fire          Conj/Fire      ######....   7%          6    ####...

Your spell library contained the following spells:

 Spells                   Type           Power        Failure   Level  Hunger
 Animate Skeleton         Necr           N/A          1%          1    None
 Confusing Touch          Hex            ###...       1%          1    None
 Magic Dart               Conj           ####         1%          1    None
 Pain                     Necr           ####         1%          1    None
 Shock                    Conj/Air       ####         1%          1    None
 Summon Small Mammal      Summ           ###.         1%          1    None
 Blink                    Tloc           N/A          1%          2    None
 Call Imp                 Summ           ###.....     1%          2    None
 Slow                     Hex            ###.....     1%          2    None
 Sublimation of Blood     Necr           ######....   1%          2    None
 Swiftness                Chrm/Air       ###.....     1%          2    None
 Conjure Flame            Conj/Fire      ######..     1%          3    None
 Ignite Poison            Fire/Tmut/Pois ####....     1%          3    None
 Mephitic Cloud           Conj/Pois/Air  #####...     1%          3    None
 Static Discharge         Conj/Air       ######..     1%          3    None
 Vampiric Draining        Necr           ######....   1%          3    None
 Petrify                  Tmut/Erth      ######..     1%          4    None
 Bolt of Draining         Conj/Necr      ######....   1%          5    None
 Bolt of Magma            Conj/Fire/Erth ######....   1%          5    None
 Fireball                 Conj/Fire      ######....   1%          5    None
 Irradiate                Conj/Tmut      ######....   2%          5    None
 Iskenderun's Battlesphe  Conj/Chrm      ######..     3%          5    None
 Lightning Bolt           Conj/Air       ######....   3%          5    None
 Venom Bolt               Conj/Pois      ######....   3%          5    None
 Death Channel            Necr           ######....   3%          6    ####...
 Statue Form              Tmut/Erth      ######...    9%          6    ####...
 Airstrike                Air            ###.......   10%         4    None
 Orb of Destruction       Conj           ######....   12%         7    #####..
 Hydra Form               Tmut           ####......   65%         6    ####...
 Spellforged Servitor     Conj/Summ      ######....   65%         7    #####..
 Haunt                    Necr/Summ      #####.....   73%         7    #####..
 Borgnjor's Revivificati  Necr           ######....   78%         8    #######
 Infestation              Necr           ######....   78%         8    #######
 Ring of Flames           Chrm/Fire      ####......   95%         7    #####..
 Dragon Form              Tmut           ####......   99%         7    #####..
 Necromutation            Tmut/Necr      ######....   99%         8    #######
 Death's Door             Chrm/Necr      #####.....   100%        8    #######
 Ignition                 Fire           #####.....   100%        8    #######


Dungeon Overview and Level Annotations

Branches:
Dungeon (15/15)            Temple (1/1) D:5            Lair (6/6) D:9
 Shoals (3/4) Lair:3       Spider (0/4) Lair:4        Slime (0/5) Lair:5
    Orc (2/2) D:11            Elf (2/3) Orc:2        Vaults (0/5) D:14
 Depths (0/5) D:15

Altars:
Ashenzari
Cheibriados
Dithmenos
Elyvilon
Fedhas
Gozag
Hepliaklqana
Kikubaaqudgha
Makhleb
Nemelex Xobeh
Okawaru
Qazlal
Ru
Sif Muna
Trog
Uskayaw
Vehumet
Wu Jian
Xom
Yredelemnul
Zin
The Shining One

Shops:
D:7 !   D:14 ?   Orc:1 (   Orc:2 =*!}

Portals:
Trove: D:12 (give 17 scrolls of teleportation)

Annotations:
D:14 3 runed doors, ciphuk's ghost, journeyman TrCK
Lair:5 exclusion: 3 oklob plants
Shoals:2 exclusion: downstairs


Innate Abilities, Weirdness & Mutations

You cannot wear most types of armour.
You are very stealthy in the water. (Stealth+)
You are amphibious.
You can wear up to eight rings at the same time.
You can use your tentacles to constrict eight enemies at once.
Your skin changes colour to match your surroundings (Stealth+).
Your rubbery body absorbs attacks. (AC +1, EV +1)


Message History

Okay, then.
Unknown command.
The deep elf mage completely misses you.
The deep elf archer shoots an arrow.
The arrow hits you!
* * * LOW HITPOINT WARNING * * *
The vampiric trident hits you.
* * * LOW HITPOINT WARNING * * *
You climb upwards.
There is a stone staircase leading down here.
A red film seems to cover your vision as you go berserk!
You feel yourself moving faster!
You feel mighty! The vampiric trident hits you!
* * * LOW HITPOINT WARNING * * *
The deep elf mage hits you with a rapier.
* * * LOW HITPOINT WARNING * * *
You closely miss the vampiric trident. Your grab misses the vampiric trident.
The vampiric trident is severely damaged.
The vampiric trident hits you!
You die...
Kikubaaqudgha rasps: "You have failed me!
Welcome... death!"

#
#.........'........'........
#
#.......(.##########........
# #.........# ##....... #
###.....### ##.....# #
###.#'## ##...## # ####.##
##### # ##.###### #
##(#...### # ###)@e....###
## #...........# .##
#...........#
..###########...........#
..'.........'...........#
..###########...........#
.## #...........# ##
#...........# ###.......###


You could see a deep elf mage and a vampiric trident.

Vanquished Creatures
  Gastronok (Orc:1)
  Kirke (Lair:4)
  An orc warlord (Orc:1)
  A stone giant (Orc:2)
  A merfolk javelineer (Shoals:1)
  A merfolk impaler (Shoals:3)
  Harold (D:8)
  5 centaur warriors
  9 hydras
  An ogre mage (D:12)
  A catoblepas (D:13)
  5 merfolk aquamancers (Shoals:1)
  Erica (D:8)
  A merfolk avatar (Shoals:1)
  5 two-headed ogres
  4 dancing weapons (Elf:1)
  6 death yaks
  Urug (D:11)
  3 orc high priests (Orc:2)
  Nergalle (Orc:1)
  6 sea snakes
  An unseen horror (D:13)
  5 orc knights
  4 orange crystal statues (Orc:2)
  Pikel (D:6)
  A phantasmal warrior (D:14)
  2 deep elf archers (Elf:2)
  17 deep elf magi
  3 harpies (Shoals:1)
  5 oklob plants
  A wolf spider (D:8)
  A cyclops (shapeshifter) (D:14)
  4 orc sorcerers (Orc:2)
  A salamander (Lair:5)
  An ugly thing (D:11)
  6 manticores
  9 fauns (Shoals:1)
  3 cyclopes
  A black mamba (Lair:2)
  A torpor snail (Lair:6)
  A molten gargoyle (Lair:5)
  6 water nymphs
  3 merfolk sirens (Shoals:1)
  Maurice (D:8)
  2 centaur skeletons
  7 komodo dragons
  12 spiny frogs
  4 rime drakes (Lair:6)
  2 gargoyles
  A kobold demonologist (D:15)
  A redback zombie (D:15)
  6 polar bears
  A freezing wraith (D:15)
  7 trolls
  4 wind drakes
  9 merfolk
  4 snapping turtles
  7 slime creatures
  5 hornets
  2 meliai zombies
  10 blink frogs
  9 hippogriffs
  6 dream sheep
  A yak (shapeshifter) (D:14)
  2 wraiths
  3 wyverns
  6 water elementals
  48 yaks
  12 spriggans (Lair:6)
  2 hogs (Lair:4)
  3 basilisks
  4 fire bats (Lair:5)
  A human (Lair:4)
  5 fire elementals
  Grum (D:8)
  3 vampire mosquitoes (D:13)
  Edmund (D:6)
  4 wargs
  An acid dragon (D:14)
  14 water moccasins
  2 porcupines
  3 ice beasts
  2 slaves (D:6)
  2 black bears (Lair:6)
  27 orc warriors
  An ice beast (shapeshifter) (D:14)
  3 phantoms
  3 boggarts (Lair:6)
  8 centaurs
  21 ogres
  20 wolves
  13 crocodiles
  2 big kobolds
  20 bullfrogs
  A wyvern zombie (D:14)
  3 earth elementals (Elf:1)
  2 scorpions
  17 killer bees
  10 wights
  5 electric eels
  11 howler monkeys
  5 crimson imps
  2 lava snakes (Lair:5)
  7 centaur zombies
  8 hounds
  20 orc priests
  2 jellies
  3 bullfrog skeletons
  32 orc wizards
  8 iguanas
  12 worker ants
  13 adders
  4 shadow imps
  An ooze (D:6)
  An adder skeleton (D:5)
  A worm (D:4)
  2 dart slugs (D:1)
  6 leopard geckos
  58 orcs
  2 ball pythons
  8 giant cockroaches
  5 goblins
  6 hobgoblins
  7 jackals
  10 kobolds
  5 quokkas
  10 bats
  7 frilled lizards
  A giant cockroach zombie (D:6)
  A jackal skeleton (D:4)
  A leopard gecko skeleton (D:6)
  10 rats
  A fire vortex (Lair:5)
  5 fungi
  6 plants
790 creatures vanquished.

Vanquished Creatures (others)
  An orc (Orc:2)
  A quokka (D:5)
  11 fungi
  8 plants
21 creatures vanquished.

Grand Total: 811 creatures vanquished

Notes
Turn   | Place    | Note
-------+----------+-------------------------------------------
     0 | D:1      | Gunterle the Octopode Earth Elementalist began the quest
                  | for the Orb.
     0 | D:1      | Reached XP level 1. HP: 11/11 MP: 3/3
     2 | D:1      | Noticed a tengu
     4 | D:1      | Noticed a felid
     4 | D:1      | Noticed a minotaur
     6 | D:1      | Noticed a vine stalker
     6 | D:1      | Noticed a naga
     8 | D:1      | Noticed a troll
     8 | D:1      | Noticed a draconian
    10 | D:1      | Noticed a vampire
    12 | D:1      | Noticed a dwarf
    12 | D:1      | Noticed a demigod
    14 | D:1      | Noticed a spriggan
    14 | D:1      | Noticed a centaur
    16 | D:1      | Noticed a merfolk
    18 | D:1      | Noticed an elf
    18 | D:1      | Noticed an octopode
    20 | D:1      | Noticed a ghoul
    20 | D:1      | Noticed a human
    22 | D:1      | Noticed a gargoyle
    24 | D:1      | Noticed a halfling
    24 | D:1      | Noticed a formicid
    26 | D:1      | Noticed an ogre
    26 | D:1      | Noticed a demonspawn
   447 | D:1      | Reached XP level 2. HP: 9/17 MP: 5/5
   843 | D:1      | Reached XP level 3. HP: 17/21 MP: 3/6
  1579 | D:2      | Reached XP level 4. HP: 27/27 MP: 6/8
  1585 | D:2      | Learned a level 3 spell: Stone Arrow
  2367 | D:3      | Found a snail-covered altar of Cheibriados.
  3342 | D:3      | Reached XP level 5. HP: 18/31 MP: 8/10
  4075 | D:4      | Noticed an ogre
  4081 | D:4      | Killed an ogre
  4081 | D:4      | Reached skill level 5 in Earth Magic
  4081 | D:4      | Reached XP level 6. HP: 13/36 MP: 7/12
  4596 | D:4      | Learned a level 5 spell: Lee's Rapid Deconstruction
  4599 | D:4      | Learned a level 2 spell: Passwall
  4647 | D:4      | You fall through a shaft for 2 floors!
  4750 | D:6      | Found a shimmering altar of Xom.
  4765 | D:6      | Reached skill level 5 in Spellcasting
  4765 | D:6      | Reached XP level 7. HP: 41/41 MP: 12/14
  4783 | D:5      | Entered Level 5 of the Dungeon
  5244 | D:5      | Found a staircase to the Ecumenical Temple.
  5358 | Temple   | Entered the Ecumenical Temple
  5572 | Temple   | Became a worshipper of Kikubaaqudgha
  5611 | D:5      | Learned a level 3 spell: Regeneration
  5794 | D:5      | Reached XP level 8. HP: 40/46 MP: 14/16
  6026 | D:5      | Found a white marble altar of Elyvilon.
  6381 | D:6      | Noticed Edmund
  6403 | D:6      | Killed Edmund
  7006 | D:6      | Noticed Pikel
  7022 | D:6      | Killed Pikel
  7022 | D:6      | Reached XP level 9. HP: 43/51 MP: 5/20
  7149 | D:6      | Found a radiant altar of Vehumet.
  7314 | D:7      | Found Cogeur's Distillery.
  7322 | D:7      | Bought 3 potions of degeneration for 33 gold pieces
  7322 | D:7      | Bought a potion of flight for 33 gold pieces
  7322 | D:7      | Bought 2 potions of might for 88 gold pieces
  7322 | D:7      | Bought a potion of haste for 110 gold pieces
  7352 | D:7      | Found an opulent altar of Gozag.
  7386 | D:7      | Found a stormy altar of Qazlal.
  7751 | D:7      | Found a hide-covered altar of Uskayaw.
  7774 | D:7      | Reached * piety under Kikubaaqudgha
  7774 | D:7      | Identified Kikubaaqudgha's Papyrus of Darkness
                  | (Kikubaaqudgha gifted it to you on level 7 of the Dungeon)
  7774 | D:7      | Received a gift from Kikubaaqudgha
  8203 | D:7      | Reached skill level 1 in Fighting
  8529 | D:8      | Reached skill level 1 in Evocations
  8547 | D:8      | Reached skill level 1 in Staves
  8547 | D:8      | Reached skill level 1 in Conjurations
  8547 | D:8      | Reached skill level 1 in Necromancy
  8781 | D:8      | Noticed Grum
  8787 | D:8      | Reached XP level 10. HP: 47/60 MP: 6/22
  8789 | D:8      | Killed Grum
  8946 | D:8      | Noticed Erica
  8988 | D:8      | Noticed Maurice
  9001 | D:8      | Killed Maurice
  9140 | D:8      | Noticed a wolf spider
  9261 | D:8      | Killed Erica
  9470 | D:8      | Noticed Harold
  9949 | D:9      | Reached ** piety under Kikubaaqudgha
 10205 | D:9      | Learned a level 4 spell: Animate Dead
 10206 | D:9      | Found a staircase to the Lair.
 10651 | D:10     | Entered Level 10 of the Dungeon
 10890 | D:10     | Reached skill level 10 in Earth Magic
 11048 | D:10     | Reached XP level 11. HP: 62/70 MP: 16/24
 11716 | D:10     | Got a fine steel ring
 11717 | D:10     | Identified the ring "Paczo Aqav" {rF+ rC+ Stlth+} (You
                  | found it on level 10 of the Dungeon)
 11840 | D:10     | Upgraded the game from 0.22.1-1-ga44c0e56f4 to
                  | 0.22.1-2-g9c5b331383
 12104 | D:11     | Reached skill level 5 in Fighting
 12108 | D:11     | Reached *** piety under Kikubaaqudgha
 12108 | D:11     | Identified Kikubaaqudgha's Incunabulum of Sinister Secrets
                  | (Kikubaaqudgha gifted it to you on level 11 of the Dungeon)
 12108 | D:11     | Received a gift from Kikubaaqudgha
 12182 | D:11     | Learned a level 5 spell: Borgnjor's Vile Clutch
 12188 | D:11     | Learned a level 5 spell: Dispel Undead
 12332 | D:11     | Noticed a purple ugly thing
 12345 | D:11     | Noticed a four-headed hydra
 12354 | D:11     | Killed a purple ugly thing
 12365 | D:11     | Killed a four-headed hydra
 12427 | D:11     | Noticed Urug
 12449 | D:11     | Killed Urug
 12694 | D:11     | Found a staircase to the Orcish Mines.
 12991 | D:11     | Noticed a manticore
 12997 | D:11     | Killed a manticore
 12997 | D:11     | Reached skill level 10 in Spellcasting
 13273 | Lair:1   | Entered Level 1 of the Lair of Beasts
 13611 | Lair:1   | Noticed an eight-headed hydra
 14229 | Lair:1   | Killed an eight-headed hydra
 14451 | Lair:2   | Reached XP level 12. HP: 71/79 MP: 23/26
 14771 | Lair:2   | Reached skill level 5 in Evocations
 14801 | Lair:2   | Reached skill level 5 in Dodging
 15022 | Lair:2   | Noticed a death yak
 15022 | Lair:2   | Noticed a death yak
 15050 | Lair:2   | Noticed a death yak
 15065 | Lair:2   | Noticed a death yak
 15200 | Lair:3   | Noticed a six-headed hydra
 15220 | Lair:3   | Reached **** piety under Kikubaaqudgha
 15453 | Lair:3   | Found a staircase to the Shoals.
 16187 | Lair:3   | Killed a six-headed hydra
 16187 | Lair:3   | Reached skill level 5 in Staves
 16187 | Lair:3   | Reached skill level 5 in Necromancy
 16467 | Lair:3   | Reached skill level 5 in Conjurations
 16795 | Orc:1    | Entered Level 1 of the Orcish Mines
 16803 | Orc:1    | Noticed Nergalle
 16808 | Orc:1    | Killed Nergalle
 17039 | Orc:1    | Found Turuf's Antique Weapon Emporium.
 17057 | Orc:1    | Noticed Gastronok
 17071 | Orc:1    | Killed Gastronok
 17140 | Orc:2    | Entered Level 2 of the Orcish Mines
 17140 | Orc:2    | Found a runed door.
 17141 | Orc:2    | Noticed a stone giant
 17440 | D:12     | Found a portal to a secret trove of treasure.
 17503 | D:12     | Noticed a two-headed ogre
 17504 | D:12     | Noticed an ogre mage
 17506 | D:12     | Noticed a two-headed ogre
 17508 | D:12     | Reached XP level 13. HP: 88/88 MP: 14/27
 17521 | D:12     | Reached ***** piety under Kikubaaqudgha
 18338 | D:13     | Got a sparkling copper ring
 18340 | D:13     | Identified the ring "Acuowanu" {rN+ Int+4} (You found it on
                  | level 13 of the Dungeon)
 18765 | D:13     | Found a transporter.
 19704 | D:14     | Found Wettexaupp's Magic Scroll Boutique.
 19718 | D:14     | Bought a scroll of teleportation for 39 gold pieces
 19777 | D:14     | Learned a level 6 spell: Iron Shot
 20476 | D:14     | Found a runed gate.
 20477 | D:14     | Found a runed gate.
 20477 | D:14     | Found a runed gate.
 20477 | D:14     | Noticed ciphuk's ghost (journeyman TrCK)
 21109 | D:14     | Found a gate to the Vaults.
 21236 | D:15     | Entered Level 15 of the Dungeon
 21516 | D:15     | Reached XP level 14. HP: 82/97 MP: 18/29
 21598 | D:15     | Reached ****** piety under Kikubaaqudgha
 21870 | D:15     | Found an opulent altar of Gozag.
 22549 | D:15     | Found a staircase to the Depths.
 22549 | D:15     | Noticed a dire elephant
 23462 | D:15     | Learned a level 1 spell: Apportation
 24169 | Orc:2    | Killed a stone giant
 24320 | Orc:2    | Found the +10 large shield of Ignorance {rN+ Int-4}
 24336 | Orc:2    | Found a runed door.
 24509 | Orc:2    | Paralysed by an orc sorcerer for 5 turns
 25179 | Orc:2    | Found a staircase to the Elven Halls.
 25885 | Orc:1    | Noticed an orc warlord
 25906 | Orc:1    | Killed an orc warlord
 25909 | Orc:1    | Reached skill level 10 in Fighting
 26970 | Orc:2    | Found Kigoh's Gadget Emporium.
 26990 | Orc:2    | Found Vocaewuo's Distillery.
 27069 | Orc:2    | Found Hell's Jewellery Shop.
 27078 | Orc:2    | Found Leheitod's General Store.
 27089 | Orc:2    | Bought a scroll of magic mapping for 45 gold pieces
 27099 | Orc:2    | Bought a potion of invisibility for 120 gold pieces
 27099 | Orc:2    | Bought a potion of resistance for 150 gold pieces
 27099 | Orc:2    | Bought a potion of experience for 750 gold pieces
 27109 | Orc:2    | Reached XP level 15. HP: 103/103 MP: 31/31
 27110 | Orc:2    | Bought a potion of heal wounds for 75 gold pieces
 27110 | Orc:2    | Bought a potion of heal wounds for 75 gold pieces
 27447 | Lair:4   | Noticed Kirke
 27455 | Lair:4   | Killed Kirke
 27541 | Lair:4   | Found a hole to the Spider Nest.
 29268 | Lair:5   | Found a staircase to the Slime Pits.
 29596 | Lair:4   | Reached XP level 16. HP: 91/110 MP: 7/32
 29994 | Lair:4   | Got a shimmering pewter ring
 29998 | Lair:4   | Identified the ring of Yrchov {rN+ Str+3} (You found it on
                  | level 4 of the Lair of Beasts)
 30040 | Lair:6   | Entered Level 6 of the Lair of Beasts
 32172 | Lair:6   | Reached skill level 1 in Shields
 33536 | Shoals:1 | Entered Level 1 of the Shoals
 33735 | Shoals:1 | Learned a level 5 spell: Bolt of Draining
 35774 | Shoals:1 | Learned a level 6 spell: Bolt of Fire
 35774 | Shoals:1 | Received a gift from Kikubaaqudgha
 36026 | Shoals:1 | Reached skill level 1 in Fire Magic
 36501 | Shoals:1 | HP: 5/114 [merfolk/trident (17)]
 37333 | Shoals:1 | Reached XP level 17. HP: 115/119 MP: 25/34
 38768 | Shoals:2 | Reached skill level 10 in Conjurations
 39413 | Shoals:2 | HP: 3/119 [sea snake (23)]
 40020 | D:8      | Killed Harold
 40110 | Orc:1    | Bought a glowing lajatang for 558 gold pieces
 40436 | Orc:2    | Reached skill level 1 in Maces & Flails
 40695 | Elf:1    | Entered Level 1 of the Elven Halls
 40943 | D:13     | Found a transporter.
 40943 | D:13     | Found a transporter.
 40943 | D:13     | Found a transporter.
 40943 | D:13     | Found a transporter.
 40946 | D:13     | Found a transporter.
 40965 | D:13     | Got a wavering ivory ring
 40967 | D:13     | Identified the ring "Viof" {+Inv +Fly MR+ Int+2 Dex-2} (You
                  | found it on level 13 of the Dungeon)
 41322 | Orc:2    | Bought an uncursed ring of protection from magic for 325
                  | gold pieces
 41334 | Orc:2    | Bought a scroll of blinking for 97 gold pieces
 42042 | Elf:1    | Identified a scroll of acquirement
 42812 | Elf:1    | HP: 8/178 [deep elf mage/rapier (1)]
 42813 | Elf:1    | Mangled by a vampiric trident

Skill      XL: |  1  2  3  4  5  6  7  8  9 10 11 12 13 14 15 16 17 |
---------------+----------------------------------------------------+-----
Spellcasting   | 3 4 5 7 8 9 10 11 12 13 | 13.8
Earth Magic    | 4 5 6 8 9 10 11 12 13 | 13.1
Fighting       | 2 4 6 7 9 10 11 12 | 12.0
Evocations     | 1 3 4 5 7 |  7.5
Staves         | 1 3 4 5 6 7 |  7.0
Conjurations   | 1 3 4 5 6 8 9 10 | 10.3
Necromancy     | 1 3 4 5 6 7 8 9 |  9.1
Dodging        | 3 4 5 6 7 8 |  8.6
Shields        | 3 4 |  4.0
Fire Magic     | 2 4 |  4.6
Maces & Flails | 2 |  2.3
Stealth        | |  2.6
Transmutations | |  1.0

Action                   |  1- 3 |  4- 6 |  7- 9 | 10-12 | 13-15 | 16-18 || total
-------------------------+-------+-------+-------+-------+-------+-------++-------
Melee: Short sword       |    54 |    92 |    62 |     5 |       |       ||   213
       Unarmed           |     5 |       |       |       |       |       ||     5
       Constrict         |    16 |    24 |    21 |    30 |    20 |     7 ||   118
       Tentacles         |     6 |     4 |    16 |    37 |    11 |     6 ||    80
       Flail             |       |       |     1 |    36 |    91 |    25 ||   153
       Whip              |       |       |    25 |    94 |       |       ||   119
       Glaive            |       |       |       |       |     5 |       ||     5
       Staff             |       |       |       |       |       |     1 ||     1
 Cast: Sandblast         |    13 |    30 |    75 |   199 |   256 |   168 ||   741
       Stone Arrow       |       |       |    18 |    58 |   100 |    65 ||   241
       Lee's Rapid Decon |       |       |     2 |    32 |    49 |    55 ||   138
       Borgnjor's Vile C |       |       |       |     2 |    71 |    76 ||   149
       Dispel Undead     |       |       |       |       |     3 |       ||     3
       Animate Dead      |       |       |       |       |     1 |       ||     1
       Iron Shot         |       |       |       |       |     3 |   117 ||   120
       Bolt of Draining  |       |       |       |       |       |     6 ||     6
Invok: Receive Necronomi |       |       |       |       |       |     1 ||     1
Evoke: Wand              |       |     5 |    25 |    35 |    50 |    11 ||   126
  Use: Scroll            |       |     4 |    10 |     8 |     4 |    12 ||    38
       Potion            |       |       |       |     4 |     2 |    17 ||    23
 Stab: Sleeping          |    14 |    15 |     7 |     4 |       |     1 ||    41
       Paralysed         |       |       |       |    27 |       |     1 ||    28
  Eat: Chunk             |     2 |    10 |    12 |    30 |    37 |    38 ||   129
       Ration            |       |       |       |     1 |     4 |     7 ||    12
Armor: Skin              |    12 |     6 |    12 |    16 |    29 |    17 ||    92
Dodge: Dodged            |    45 |    63 |    74 |   135 |   269 |   182 ||   768
